 Dungeon Crawl Stone Soup version 0.31-a0-569-g7ea453304b (webtiles) character file.

Game seed: 9240313641184485831

6 Ethylacetat the Ducker (level 1, -3/14 HPs)
             Began as an Octopode Gladiator on Aug 18, 2023.
             Slain by a gnoll
             ... wielding a +0 flail
              (13 damage)
             ... on level 1 of the Dungeon.
             The game lasted 00:00:13 (294 turns).

Ethylacetat the Ducker (Octopode Gladiator)          Turns: 294, Time: 00:00:13

Health: -3/14      AC:  1    Str: 13    XL:     1   Next: 90%
Magic:  1/1        EV: 14    Int: 10    God:
Gold:   0          SH:  0    Dex: 13    Spells: 0/0 levels left

rFire   . .          .
                       - Unarmed
rCold   . . .        (no shield)
rNeg    . . .        a - +0 hat
rPois   .            (no amulet)
rElec   .            (no ring)
rCorr   .            (no ring)
SInv    .            (no ring)
Will    .....        (no ring)
Stlth   ++           (no ring)
HPRegen 0.22/turn    (no ring)
MPRegen 0.07/turn    (no ring)
                     (no ring)

%: no passive effects
@: no status effects
A: almost no armour, amphibious, 8 rings, camouflage 1, gelatinous body 1,
(nimble swimmer 1), tentacles
a: no special abilities


You were on level 1 of the Dungeon.
You visited 1 branch of the dungeon, and saw 1 of its levels.

Inventory:

Missiles
 b - 3 throwing nets (quivered)
 c - a javelin
Armour
 a - a +0 hat (worn)
Scrolls
 d - a scroll of identify {unknown}
 e - a scroll of immolation {unknown}
 f - a scroll of amnesia {unknown}
 h - a scroll of revelation {unknown}
Potions
 g - a potion of haste {unknown}
 i - a potion of degeneration {unknown}
 j - a potion of curing {unknown}


   Skills:
 + Level 2.2 Fighting
 - Level 2.0 Throwing
 + Level 3.1 Dodging
 + Level 3.1 Unarmed Combat


You couldn't memorise any spells.
You didn't know any spells.
Your spell library was empty.

Dungeon Overview and Level Annotations

Branches:
Dungeon (1/15)

Altars:


Innate Abilities, Weirdness & Mutations

You cannot wear most types of armour.
You are amphibious.
You can wear up to eight rings at the same time.
Your skin changes colour to match your surroundings (Stealth+).
Your rubbery body absorbs attacks. (AC +1, EV +1)
((You are camouflaged when in or above water. (Stealth+)))
You have tentacles for arms and can constrict up to eight enemies at once.


Message History

You squeeze the frilled lizard, but do no damage.
You constrict the frilled lizard.
The frilled lizard completely misses you.
You barely miss the frilled lizard. Your squeeze misses the frilled lizard.
The frilled lizard is heavily wounded.
You constrict the frilled lizard.
You kill the frilled lizard!
You closely miss the rat. You grab the rat.
You constrict the rat, but do no damage.
The rat bites you.
You tentacle-slap the rat.
You kill the rat!
No target in view!
Found a stone staircase leading down.
You see here a rat corpse.
No target in view!
No target in view!
i - a bubbling clear potion No target in view!
j - a dark potion No target in view!
A gnoll comes into view. It is wielding a +0 flail.
The gnoll shouts!
A giant cockroach comes into view.
There are monsters nearby!
There are monsters nearby!
The gnoll barely misses you.
You tentacle-slap the gnoll. Your grab misses the gnoll.
The gnoll is lightly wounded.
The gnoll closely misses you.
There are monsters nearby!
You tentacle-slap the gnoll but do no damage.
You grab the gnoll.
The gnoll is lightly wounded.
You constrict the gnoll. The gnoll hits you with a +0 flail.
You tentacle-slap the gnoll.
The gnoll is heavily wounded.
You constrict the gnoll. The gnoll hits you with a +0 flail!
Ouch! That really hurt!
You die...

## .# .# .# ##
####################..
###.............@gB.....
....##############.....#
##### ####. ### #.#
#.#######.
###.........###
.###...####....
.....#).##..######


You could see a gnoll and a giant cockroach.

Vanquished Creatures
  An endoplasm (D:1)
  2 goblins (D:1)
  A bat (D:1)
  A frilled lizard (D:1)
  A rat (D:1)
6 creatures vanquished.

Notes
Turn   | Place    | Note
-------+----------+-------------------------------------------
     0 | D:1      | Ethylacetat the Octopode Gladiator began the quest for the
                  | Orb.
     0 | D:1      | Reached XP level 1. HP: 14/14 MP: 1/1
   294 | D:1      | Slain by a gnoll

Illustrated notes

Levels and vault maps discovered:
D:1:      minmay_arrival_loop, layout_rooms, serial_co_window_serial,
          co_window_corner_a, co_window_cross_1, co_window_of_opportunity_a,
          co_window_corner_a, co_window_paths_b, co_window_corner_b,
          co_window_corner_cb, co_window_corner_b, co_window_broadway_a,
          co_window_of_opportunity_c, co_window_2corner

Action                     || total
---------------------------++-------
  Melee: Unarmed           ||    13
         Constrict         ||     4
         Tentacles         ||     1
   Stab: Sleeping          ||     1
  Dodge: Dodged            ||     5

Table legend: (Time is in decaauts)
 A = Elapsed time spent in this place.
 B = Non-inter-level travel time spent in this place.
 C = Inter-level travel time spent in this place.
 D = Time resting spent in this place.
 E = Time spent auto-exploring this place.
 F = Levels seen in this place.
 G = Mean time per level.
                   A        B        C        D        E       F      G
               +--------+--------+--------+--------+--------+-----+--------+
         Total |    293 |    293 |      0 |      0 |    256 |   1 |  293.0 |
       Dungeon |    293 |    293 |      0 |      0 |    256 |   1 |  293.0 |
               +--------+--------+--------+--------+--------+-----+--------+

Top non-repeatable levels by time:
     D:1: 293 daAuts
